 Dungeon Crawl Stone Soup version 0.22.1-1-ga44c0e56f4 (webtiles) character file.

111 Reeggar the Chopper (level 4, 0/41 HPs)
             Began as a Gnoll Berserker on Oct 24, 2018.
             Was a Believer of Trog.
             Splashed by a jelly's acid (5 damage)
             ... on level 2 of the Dungeon.
             The game lasted 00:05:40 (1293 turns).

Reeggar the Chopper (Gnoll Berserker)               Turns: 1293, Time: 00:05:40

Health: 0/41       AC:  1    Str: 20    XL:     4   Next: 92%
Magic:  5/5        EV: 10    Int:  9    God:    Trog [**....]
Gold:   92         SH:  0    Dex: 15    Spells: 5/5 levels left

rFire    . . .     SeeInvis .   a - +0 hand axe
rCold    . . .     Gourm    .   (no shield)
rNeg     . . .     Faith    .   l - +0 chain mail
rPois    .         Spirit   .   (no helmet)
rElec    .         Reflect  .   (no cloak)
rCorr    .         Harm     .   (no gloves)
MR       .....                  (no boots)
Stlth    ..........             (no amulet)
HPRegen  0.13/turn              (no ring)
MPRegen  0.09/turn              (no ring)

@: corroded
A: distributed training, fangs 1, strong nose
a: Berserk, Trog's Hand, Renounce Religion


You were on level 2 of the Dungeon.
You worshipped Trog.
Trog was pleased with you.
You were not hungry.

You visited 1 branch of the dungeon, and saw 2 of its levels.

You collected 92 gold pieces.

Inventory:

Hand Weapons
 a - a +0 hand axe (weapon)
Missiles
 i - 5 tomahawks (quivered)
Armour
 l - a +0 chain mail (worn)
Jewellery
 f - a +3 ring of protection {unknown}
Scrolls
 e - a scroll of remove curse {unknown}
 g - 4 scrolls of identify {unknown}
Potions
 b - 2 potions of haste
 j - a potion of agility {unknown}
 k - 2 potions of ambrosia {unknown}
Comestibles
 c - 5 rations
 d - 2 chunks of flesh


   Skills:
 + Level 6.6 Fighting
 + Level 1.2 Short Blades
 + Level 1.2 Long Blades
 + Level 6.6 Axes
 + Level 1.2 Maces & Flails
 + Level 1.2 Polearms
 + Level 1.2 Staves
 + Level 1.2 Slings
 + Level 1.2 Bows
 + Level 1.2 Crossbows
 + Level 1.2 Throwing
 + Level 4.7 Armour
 + Level 4.7 Dodging
 + Level 1.2 Stealth
 + Level 1.2 Shields
 + Level 1.2 Unarmed Combat
 + Level 1.2 Spellcasting
 + Level 1.0 Conjurations
 + Level 1.0 Hexes
 + Level 1.0 Charms
 + Level 1.0 Summonings
 + Level 1.0 Necromancy
 + Level 1.0 Translocations
 + Level 1.0 Transmutations
 + Level 1.0 Fire Magic
 + Level 1.0 Ice Magic
 + Level 1.0 Air Magic
 + Level 1.0 Earth Magic
 + Level 1.0 Poison Magic
 + Level 1.4 Invocations
 + Level 1.2 Evocations


You had 5 spell levels left.
You didn't know any spells.
Your spell library was empty.

Dungeon Overview and Level Annotations

Branches:
Dungeon (2/15)

Altars:


Innate Abilities, Weirdness & Mutations

Your experience applies equally to all skills.
You have very sharp teeth.
Your uncanny sense of smell can sniff out nearby items.


Message History

The ooze hits you but does no damage. x2; The jelly closely misses you.
You hit the jelly. The acid corrodes you!
Your hands burn!
The jelly is lightly wounded.
You hit the ooze. You hit the fungus. You hit the ooze but do no damage.
The ooze hits you but does no damage. The ooze closely misses you.
The jelly hits you but does no damage.
You hit the jelly. The acid corrodes you!
Your hands burn!
The jelly is moderately wounded.
You hit the ooze but do no damage. You hit the fungus but do no damage.
You hit the ooze.
The ooze hits you. x2; The jelly hits you.
You are splashed with acid!
The acid burns!
* * * LOW HITPOINT WARNING * * *
You hit the jelly.
Your hands burn!
* * * LOW HITPOINT WARNING * * *
The jelly is severely wounded.
You hit the ooze but do no damage. You completely miss the fungus.
You hit the ooze but do no damage. The ooze closely misses you.
The ooze barely misses you. The jelly closely misses you.
You hit the jelly but do no damage.
Your hands burn!
You die...

#. ##.##............<#... #..
#####.....................
#.#####......#.........<......#.
#.....#†#############>.........
#.#.....######### #######...#
#.#.....##......########## #..#
#.......##÷PP÷..'##......###..##
####.....##÷.÷.J.#.#.).....##....
.........##÷..JP@#.#........†)...
####.....##....JJ#.#........)(...
#.....##.÷...J#.#'#......')...
###.....##÷÷....#.#.#.....##.>..
.........##..P÷..#.#.#....###...#
.###..#..##$÷....##.#########..(.
###..#..###################...#.
........#############...........
#..##............#....#......###


You could see 2 jellies and 3 oozes.

Vanquished Creatures
  4 gnolls (D:2)
  5 oozes (D:2)
  2 leopard geckos (D:1)
  2 giant cockroaches
  3 goblins (D:1)
  8 hobgoblins
  3 jackals (D:1)
  A ball python (D:2)
  2 bats
  3 frilled lizards
  14 kobolds
  4 rats
51 creatures vanquished.

Vanquished Creatures (others)
  3 fungi (D:2)
  7 toadstools (D:2)
10 creatures vanquished.

Grand Total: 61 creatures vanquished

Notes
Turn   | Place    | Note
-------+----------+-------------------------------------------
     0 | D:1      | Reeggar the Gnoll Berserker began the quest for the Orb.
     0 | D:1      | Reached XP level 1. HP: 23/23 MP: 1/1
   164 | D:1      | Reached XP level 2. HP: 29/29 MP: 2/2
   500 | D:1      | Reached XP level 3. HP: 35/35 MP: 3/3
  1153 | D:2      | Reached skill level 1 in Invocations
  1158 | D:2      | Reached skill level 1 in Short Blades
  1158 | D:2      | Reached skill level 1 in Long Blades
  1158 | D:2      | Reached skill level 1 in Maces & Flails
  1158 | D:2      | Reached skill level 1 in Polearms
  1158 | D:2      | Reached skill level 1 in Staves
  1158 | D:2      | Reached skill level 1 in Slings
  1158 | D:2      | Reached skill level 1 in Bows
  1158 | D:2      | Reached skill level 1 in Crossbows
  1158 | D:2      | Reached skill level 1 in Throwing
  1158 | D:2      | Reached skill level 1 in Stealth
  1158 | D:2      | Reached skill level 1 in Shields
  1158 | D:2      | Reached skill level 1 in Unarmed Combat
  1158 | D:2      | Reached skill level 1 in Spellcasting
  1158 | D:2      | Reached skill level 1 in Evocations
  1160 | D:2      | Reached ** piety under Trog
  1160 | D:2      | Reached XP level 4. HP: 41/41 MP: 5/5
  1270 | D:2      | Reached skill level 1 in Conjurations
  1270 | D:2      | Reached skill level 1 in Hexes
  1270 | D:2      | Reached skill level 1 in Charms
  1270 | D:2      | Reached skill level 1 in Summonings
  1270 | D:2      | Reached skill level 1 in Necromancy
  1270 | D:2      | Reached skill level 1 in Translocations
  1270 | D:2      | Reached skill level 1 in Transmutations
  1270 | D:2      | Reached skill level 1 in Fire Magic
  1270 | D:2      | Reached skill level 1 in Ice Magic
  1270 | D:2      | Reached skill level 1 in Air Magic
  1270 | D:2      | Reached skill level 1 in Earth Magic
  1270 | D:2      | Reached skill level 1 in Poison Magic
  1293 | D:2      | Splashed by a jelly's acid

Skill      XL: |  1  2  3  4 |
---------------+-------------+-----
Invocations    | 1 |  1.4
Short Blades   | 1 |  1.2
Long Blades    | 1 |  1.2
Maces & Flails | 1 |  1.2
Polearms       | 1 |  1.2
Staves         | 1 |  1.2
Slings         | 1 |  1.2
Bows           | 1 |  1.2
Crossbows      | 1 |  1.2
Throwing       | 1 |  1.2
Stealth        | 1 |  1.2
Shields        | 1 |  1.2
Unarmed Combat | 1 |  1.2
Spellcasting   | 1 |  1.2
Evocations     | 1 |  1.2
Conjurations   | 1 |  1.0
Hexes          | 1 |  1.0
Charms         | 1 |  1.0
Summonings     | 1 |  1.0
Necromancy     | 1 |  1.0
Translocations | 1 |  1.0
Transmutations | 1 |  1.0
Fire Magic     | 1 |  1.0
Ice Magic      | 1 |  1.0
Air Magic      | 1 |  1.0
Earth Magic    | 1 |  1.0
Poison Magic   | 1 |  1.0
Fighting       | |  6.6
Axes           | |  6.6
Armour         | |  4.7
Dodging        | |  4.7

Action                   |  1- 3 |  4- 6 || total
-------------------------+-------+-------++-------
Melee: Hand axe          |    69 |    41 ||   110
       Bite              |     7 |     8 ||    15
       Punch             |       |     1 ||     1
Invok: Berserk           |     1 |     1 ||     2
       Trog's Hand       |       |     1 ||     1
  Use: Potion            |     2 |       ||     2
  Eat: Chunk             |       |     3 ||     3
Armor: Ring mail         |    14 |       ||    14
       Chain mail        |    11 |    17 ||    28
Dodge: Dodged            |    32 |    26 ||    58
